 Dungeon Crawl Stone Soup version 0.24-a0-235-g3f03afcf10 (webtiles) character file.

Game seed: 17612092336334618311

428 MrRokkomies the Gusty (level 6, 0/28 HPs)
             Began as a Spriggan Air Elementalist on Apr 6, 2019.
             Slain by an orc warrior
             ... wielding a +0 halberd
              (28 damage)
             ... on level 4 of the Dungeon.
             The game lasted 00:18:07 (4556 turns).

MrRokkomies the Gusty (Spriggan Air Elementalist)   Turns: 4556, Time: 00:18:08

Health: 0/28       AC:  2    Str:  4    XL:     6   Next: 65%
Magic:  4/11       EV: 19    Int: 19    God:
Gold:   245        SH:  8    Dex: 16    Spells: 6/10 levels left

rFire    . . .     SeeInvis +   d - +0 short sword
rCold    . . .     Gourm    .   o - +2 buckler
rNeg     . . .     Faith    .   a - +0 robe
rPois    .         Spirit   .   f - +0 hat {MR+}
rElec    .         Reflect  .   (no cloak)
rCorr    .         Harm     .   (gloves unavailable)
MR       ++...                  (boots unavailable)
Stlth    ++........             (no amulet)
HPRegen  0.09/turn              (no ring)
MPRegen  0.12/turn              (no ring)

@: very slightly contaminated, invisible, very quick
A: very small, unfitting armour, see invisible, herbivore, speed 3, slow
metabolism 2
a: no special abilities


You were on level 4 of the Dungeon.
You were hungry.

You visited 1 branch of the dungeon, and saw 4 of its levels.

You collected 245 gold pieces.

Inventory:

Hand Weapons
 d - a +0 short sword (weapon)
Missiles
 g - 14 poisoned needles
Armour
 a - a +0 robe (worn)
 f - a +0 hat of magic resistance (worn)
 o - a +2 buckler (worn)
Scrolls
 b - a scroll of remove curse
 k - 2 scrolls of amnesia
 m - a scroll of fog {unknown}
 n - 2 scrolls of enchant armour {unknown}
 q - a scroll of teleportation {unknown}
Potions
 e - 5 potions of curing
 i - a potion of mutation
 j - a potion of cancellation
 l - 2 potions of flight
 p - a potion of lignification {unknown}
Comestibles
 c - 7 rations


   Skills:
 - Level 4.2 Dodging
 - Level 3.0 Stealth
 + Level 1.3 Shields
 - Level 2.6 Spellcasting
 * Level 3.2 Conjurations
 * Level 4.9 Air Magic


You had 6 spell levels left.
You knew the following spells:

 Your Spells              Type           Power        Failure   Level  Hunger
a - Shock                 Conj/Air       ###.         4%          1    None
b - Static Discharge      Conj/Air       ###.....     14%         3    ###....

Your spell library contained the following spells:

 Spells                   Type           Power        Failure   Level  Hunger
 Swiftness                Chrm/Air       ##......     13%         2    ##.....
 Airstrike                Air            ###.......   32%         4    ####...
 Lightning Bolt           Conj/Air       ###.......   77%         5    ######.


Dungeon Overview and Level Annotations

Branches:
Dungeon (4/15)
 Temple: D:4-7

Altars:
Elyvilon
Fedhas
Qazlal
The Shining One

Annotations:
D:3 Grinder


Innate Abilities, Weirdness & Mutations

You are very small and have problems with some larger weapons.
You are too small for most types of armour.
You have supernaturally acute eyesight. (SInv)
You are a herbivore.
You cover ground extremely quickly.
You need to consume almost no food.


Message History

The orc is struck by an arc of lightning!
You kill the orc!
The lightning grounds out.
You block the gnoll's attack. You block the orc warrior's attack.
Unknown command.
You hit the gnoll.
The gnoll is heavily wounded.
You block the gnoll's attack. The orc warrior closely misses you.
You block the gnoll's attack.
You barely miss the gnoll.
The gnoll is heavily wounded.
You block the orc warrior's attack. The gnoll misses you.
You closely miss the gnoll.
The gnoll is heavily wounded.
The orc warrior closely misses you. You block the gnoll's attack.
You barely miss the gnoll.
The gnoll is heavily wounded.
The orc warrior hits you from afar with a +0 halberd!!
Ouch! That really hurt!
You die...

#o# #.# #.#
#.# #o# #.#
#.# #.# #.#
#.# #.# ##.##
#.# #.###...#
#.# #.##..#.#
#.# #.og))o.#
#.# ####@#.##
#.########
#.#.#
#.##.....#
#.#.#
#....###.#
#.#.# ###..#
#.###.#.#
#..###.....#.#
#......#####.#
#.#..#.# ##
#.#..... ..#


You could see an orc warrior, a gnoll and an orc.

Vanquished Creatures
  An ogre (D:4)
  A bullfrog zombie (D:4)
  An orc priest (D:4)
  2 orc wizards (D:4)
  A worker ant (D:4)
  6 adders
  5 gnolls (D:4)
  2 oozes (D:2)
  2 worms (D:2)
  An adder skeleton (D:4)
  6 dart slugs
  A leopard gecko (D:1)
  4 orcs (D:4)
  8 giant cockroaches
  2 hobgoblins
  8 jackals
  2 quokkas (D:2)
  2 ball pythons (D:4)
  6 bats
  2 frilled lizards
  7 goblins
  9 kobolds
  4 rats
83 creatures vanquished.

Notes
Turn   | Place    | Note
-------+----------+-------------------------------------------
     0 | D:1      | MrRokkomies the Spriggan Air Elementalist began the quest
                  | for the Orb.
     0 | D:1      | Reached XP level 1. HP: 9/9 MP: 5/5
   113 | D:1      | Reached skill level 1 in Conjurations
   154 | D:1      | Reached XP level 2. HP: 6/13 MP: 2/6
  1018 | D:1      | Reached XP level 3. HP: 16/16 MP: 8/8
  1810 | D:2      | Found a stormy altar of Qazlal.
  1817 | D:2      | Found a blossoming altar of Fedhas.
  1840 | D:2      | Learned a level 3 spell: Static Discharge
  2126 | D:2      | Reached XP level 4. HP: 17/21 MP: 4/9
  2978 | D:3      | Noticed Grinder
  3127 | D:3      | Found a white marble altar of Elyvilon.
  3159 | D:3      | You fall through a shaft!
  3193 | D:4      | Reached XP level 5. HP: 14/24 MP: 3/10
  3914 | D:4      | Noticed an ogre
  3929 | D:4      | Killed an ogre
  3929 | D:4      | Reached XP level 6. HP: 28/28 MP: 1/11
  4026 | D:4      | Reached skill level 1 in Shields
  4110 | D:4      | HP: 1/28 [orc wizard/magic dart (8)]
  4378 | D:4      | Found a glowing golden altar of the Shining One.
  4515 | D:4      | Noticed an orc warrior
  4556 | D:4      | Slain by an orc warrior

Levels and vault maps discovered:
D:1:      mrwooster_arrival_arrow, layout_basic, chequers_mini_garden
D:2:      layout_basic, grunt_temple_overflow_forces_of_nature, first_ration
D:3:      layout_rooms, elyvilon_altar_4, uniq_grinder
D:4:      layout_loops_ring, lemuel_doored_altar

Skill      XL: |  1  2  3  4  5  6 |
---------------+-------------------+-----
Conjurations   | 1 2 3 |  3.2
Air Magic      | 3 4 |  4.9
Dodging        | 4 |  4.2
Shields        | 1 |  1.3
Stealth        | |  3.0
Spellcasting   | |  2.6

Action                   |  1- 3 |  4- 6 || total
-------------------------+-------+-------++-------
Melee: Unarmed           |     5 |       ||     5
       Short sword       |    83 |   115 ||   198
 Cast: Shock             |    50 |    66 ||   116
       Static Discharge  |       |     7 ||     7
  Use: Scroll            |     2 |     6 ||     8
       Potion            |     1 |     3 ||     4
 Stab: Sleeping          |     8 |     6 ||    14
       Distracted        |       |     1 ||     1
       Invisible         |       |     1 ||     1
  Eat: Ration            |       |     1 ||     1
Armor: Robe              |    10 |    18 ||    28
Dodge: Dodged            |   125 |   150 ||   275
Block: Buckler           |       |    25 ||    25

Table legend:
 A = Non-vault XP
 B = Vault XP
 C = Vault XP percentage of total XP
 D = Non-vault monster count
 E = Vault monster count
 F = Vault count percentage of total count
                 A         B        C        D         E       F
            +---------+---------+-------+---------+---------+-------
      Total |     612 |       0 |   0.0 |      83 |       0 |   0.0
            +---------+---------+-------+---------+---------+-------
        D:1 |      50 |       0 |   0.0 |      25 |       0 |   0.0
        D:2 |      82 |       0 |   0.0 |      23 |       0 |   0.0
        D:3 |      51 |       0 |   0.0 |      15 |       0 |   0.0
        D:4 |     429 |       0 |   0.0 |      20 |       0 |   0.0
            +---------+---------+-------+---------+---------+-------
